 Dungeon Crawl Stone Soup version 0.24-a0-462-ge24419a6ad (console) character file.

Game seed: 2689199047165380361

26 Lexodia the Vexing (level 2, -1/19 HPs)
             Began as a Demonspawn Enchanter on July 1, 2019.
             Slain by a centaur skeleton (3 damage)
             ... on level 3 of the Dungeon.
             The game lasted 00:02:07 (1066 turns).

Lexodia the Vexing (Demonspawn Enchanter)           Turns: 1066, Time: 00:02:08

Health: -1/19      AC:  5    Str:  8    XL:     2   Next: 89%
Magic:  4/5        EV: 12    Int: 16    God:
Gold:   55         SH:  0    Dex: 13    Spells: 2/5 levels left

rFire    . . .     SeeInvis .   a - +1 dagger
rCold    . . .     Gourm    .   (no shield)
rNeg     . . .     Faith    .   b - +0 robe
rPois    .         Spirit   .   (no helmet)
rElec    .         Reflect  .   (no cloak)
rCorr    .         Harm     .   (no gloves)
MR       .....                  i - +0 pair of boots
Stlth    ++........             (no amulet)
HPRegen  0.06/turn              (no ring)
MPRegen  0.09/turn              (no ring)

@: no status effects
A: yellow scales 1
a: no special abilities


You were on level 3 of the Dungeon.
You were not hungry.

You visited 1 branch of the dungeon, and saw 3 of its levels.

You collected 55 gold pieces.

Inventory:

Hand Weapons
 a - a +1 dagger (weapon)
Missiles
 h - a throwing net (quivered)
Armour
 b - a +0 robe (worn)
 i - a +0 pair of boots (worn)
Scrolls
 c - 4 scrolls of remove curse {unknown}
 g - a scroll of teleportation {unknown}
Potions
 e - 3 potions of mutation {unknown}
 f - a potion of heal wounds {unknown}
 j - a potion of might {unknown}
 k - a potion of curing {unknown}
 l - a potion of degeneration {unknown}
Comestibles
 d - 3 rations


   Skills:
 * Level 1.3 Short Blades
 - Level 2.0 Dodging
 + Level 3.0 Stealth
 + Level 2.2 Spellcasting
 + Level 3.4 Hexes


You had 2 spell levels left.
You knew the following spells:

 Your Spells              Type           Power        Failure   Level  Hunger
a - Corona                Hex            ##.....      4%          1    #......
b - Ensorcelled Hibernat  Hex/Ice        #.....       16%         2    ###....

Your spell library contained the following spells:

 Spells                   Type           Power        Failure   Level  Hunger
 Confuse                  Hex            ##......     16%         3    ###....
 Tukima's Dance           Hex            ##......     16%         3    ###....
 Dazzling Spray           Conj/Hex       #.....       30%         3    ###....


Dungeon Overview and Level Annotations

Branches:
Dungeon (3/15)

Altars:


Innate Abilities, Weirdness & Mutations

You are partially covered in yellow scales. (AC +2)


Message History

A hobgoblin comes into view. It is wielding a +0 club.
The centaur skeleton hits you.
Damage: -5%(-1hp) hp: 53%(10hp)
The hobgoblin shouts!
You hit the centaur skeleton.
The centaur skeleton is severely damaged.
You hear an angry hiss.
The centaur skeleton barely misses you.
You hit the centaur skeleton.
The centaur skeleton is severely damaged.
The centaur skeleton hits you!
* * * LOW HITPOINT WARNING * * *
An adder comes into view.
Huge Dmg: -42%(-8hp) hp: 11%(2hp)
The adder hisses angrily.
You hit the centaur skeleton.
The centaur skeleton is almost destroyed.
The centaur skeleton stops glowing.
The centaur skeleton barely misses you. The centaur skeleton hits you.
You die...

#...<.##############
#............).......
#....................
#....................
........####.......g...
.(......# #...........
#........# #...........
#........####..........?
.....<.........@.....S.
#########...(..Z#(....
#.#...........
#.#.#..#......
#.#.#..#......
#.#..#.....? #.####
..... .....


You could see an adder, a hobgoblin and a centaur skeleton.

Vanquished Creatures
  A leopard gecko (D:2)
  3 giant cockroaches (D:1)
  4 goblins
  2 hobgoblins
  4 jackals (D:1)
  2 kobolds (D:1)
  2 bats (D:1)
  A frilled lizard (D:1)
  A rat (D:2)
20 creatures vanquished.

Notes
Turn   | Place    | Note
-------+----------+-------------------------------------------
     0 | D:1      | Lexodia the Demonspawn Enchanter began the quest for the
                  | Orb.
     0 | D:1      | Reached XP level 1. HP: 13/13 MP: 3/3
    60 | D:1      | Huge Dmg: 3 dmg
   103 | D:1      | Huge Dmg: 2 dmg
   381 | D:1      | Gained mutation: You are partially covered in yellow
                  | scales. (AC +2) [demonic ancestry]
   381 | D:1      | Reached XP level 2. HP: 19/19 MP: 5/5
   502 | D:1      | Reached skill level 1 in Short Blades
   524 | D:1      | Learned a level 2 spell: Ensorcelled Hibernation
  1062 | D:3      | Huge Dmg: 4 dmg
  1066 | D:3      | Huge Dmg: 8 dmg
  1066 | D:3      | Slain by a centaur skeleton

Levels and vault maps discovered:
D:1:      onia_arrival_pentagram, layout_loops_ring, chequers_mini_garden
D:2:      layout_loops_ring
D:3:      layout_basic, gammafunk_temple_overflow_arena, minmay_fountain_box

Skill      XL: |  1  2 |
---------------+-------+-----
Dodging        | 2 |  2.0
Short Blades   | 1 |  1.3
Stealth        | 3 |  3.0
Spellcasting   | |  2.2
Hexes          | |  3.4

Action                   || total
-------------------------++-------
Melee: Dagger            ||    87
 Cast: Corona            ||     7
       Ensorcelled Hiber ||     1
 Stab: Sleeping          ||     5
  Eat: Chunk             ||     1
Armor: Robe              ||    25
Dodge: Dodged            ||    71

Table legend:
 A = Non-vault XP
 B = Vault XP
 C = Vault XP percentage of total XP
 D = Non-vault monster count
 E = Vault monster count
 F = Vault count percentage of total count
                 A         B        C        D         E       F
            +---------+---------+-------+---------+---------+-------
      Total |      38 |       0 |   0.0 |      20 |       0 |   0.0
            +---------+---------+-------+---------+---------+-------
        D:1 |      30 |       0 |   0.0 |      16 |       0 |   0.0
        D:2 |       8 |       0 |   0.0 |       4 |       0 |   0.0
            +---------+---------+-------+---------+---------+-------
